 Dungeon Crawl Stone Soup version 0.25.0-1-g7eea58d (webtiles) character file.

Game seed: 17851653486602003269

5541 ItisI the Cleaver (level 10, -4/88 HPs)
             Began as a Minotaur Abyssal Knight on June 27, 2020.
             Was a High Priest of Lugonu.
             Slain by a five-headed hydra (14 damage)
             ... on level 8 of the Dungeon.
             The game lasted 02:03:34 (10537 turns).

ItisI the Cleaver (Minotaur Abyssal Knight)        Turns: 10537, Time: 02:03:34

Health: -4/88      AC: 10    Str: 18    XL:     10   Next: 43%
Magic:  10/10      EV: 11    Int: 10    God:    Lugonu [*****.]
Gold:   430        SH: 10    Dex: 11    Spells: 9/9 levels left

rFire    . . .     SeeInvis .   v - +2 hand axe (venom)
rCold    . . .     Gourm    .   l - +0 kite shield
rNeg     . . .     Faith    +   q - +0 ring mail
rPois    .         Spirit   .   (helmet restricted)
rElec    .         Reflect  .   w - +0 cloak {rCorr}
rCorr    +         Harm     .   D - +0 pair of gloves
MR       .....                  h - +0 pair of boots
Stlth    ++........             p - amulet of faith
HPRegen  0.24/turn              u - ring of resist corrosion
MPRegen  0.12/turn              H - ring of stealth

@: no status effects
A: retaliatory headbutt, horns 2
a: Depart the Abyss, Bend Space, Banish, Corrupt, Enter the Abyss, Renounce
Religion


You were on level 8 of the Dungeon.
You worshipped Lugonu.
Lugonu was extremely pleased with you.
You were not hungry.

You visited 1 branch of the dungeon, and saw 8 of its levels.
You visited the Abyss 1 time.

You collected 611 gold pieces.
You spent 181 gold pieces at shops.

Inventory:

Hand Weapons
 f - a +1 trident of protection
 v - a +2 hand axe of venom (weapon)
Missiles
 a - 28 poisoned darts (quivered)
 g - a throwing net
 t - 5 javelins
 x - 4 datura-tipped darts
Armour
 h - a +0 pair of boots (worn)
 l - a +0 kite shield (worn)
 q - a +0 ring mail (worn)
 w - a +0 cloak of preservation (worn)
 D - a +0 pair of gloves (worn)
Jewellery
 b - an uncursed ring of attention
 p - an amulet of faith (around neck)
 u - a ring of resist corrosion (left hand)
 H - a ring of stealth (right hand)
Wands
 n - a wand of digging (4)
 B - a wand of disintegration (33)
 F - a wand of iceblast (9)
 G - a wand of enslavement (7)
Scrolls
 d - 4 scrolls of blinking
 i - a scroll of magic mapping
 m - 2 scrolls of remove curse
 y - a scroll of teleportation
Potions
 e - 2 potions of degeneration
 j - 3 potions of flight
 k - 2 potions of lignification
 o - 6 potions of curing
 z - 2 potions of stabbing
 A - a potion of resistance
 C - 3 potions of haste
 E - a potion of mutation {unknown}
Comestibles
 c - 20 rations
 r - 9 chunks of flesh


   Skills:
 * Level 8.2 Fighting
 * Level 10.8 Axes
 + Level 4.7 Throwing
 + Level 6.7 Armour
 + Level 4.4 Dodging
 * Level 6.0 Shields
 + Level 6.0 Unarmed Combat
 + Level 2.0 Invocations


You had 9 spell levels left.
You didn't know any spells.
Your spell library contained the following spells:

 Spells                   Type           Power        Failure   Level  Hunger
 Sandblast                Erth           #.....       90%         1    ##.....
 Summon Small Mammal      Summ           #...         90%         1    ##.....
 Passwall                 Tmut/Erth      #.......     97%         2    ###....
 Stone Arrow              Conj/Erth      #.....       99%         3    ####...
 Petrify                  Tmut/Erth      #.......     100%        4    #####..
 Lee's Rapid Deconstruct  Erth           #.........   100%        5    ######.


Dungeon Overview and Level Annotations

Branches:
Dungeon (8/15)             Temple (0/1) D:5            Lair (0/6) D:8

Altars:
Ashenzari
Cheibriados
Gozag
Hepliaklqana
Kikubaaqudgha
Nemelex Xobeh
Sif Muna
Uskayaw
Vehumet
Xom

Shops:
D:4 *}


Innate Abilities, Weirdness & Mutations

You reflexively headbutt those who attack you in melee.
You have a pair of horns on your head.


Message History

The three-headed hydra grows two more!
You hit the five-headed hydra. The five-headed hydra bites you!
The five-headed hydra closely misses you.
The five-headed hydra bites you!
You block the five-headed hydra's attack.
The five-headed hydra bites you!
You completely miss the big kobold. Your headbutt misses the big kobold.
The big kobold is lightly wounded.
You hit the five-headed hydra but do no damage.
The big kobold hits you.
Unknown command.
You hit the big kobold.
The big kobold looks as sick as possible!
The big kobold is moderately wounded.
You barely miss the five-headed hydra. The five-headed hydra bites you!
* * * LOW HITPOINT WARNING * * *
The five-headed hydra misses you. The five-headed hydra bites you!
* * * LOW HITPOINT WARNING * * *
The five-headed hydra bites you!
You die...

#######.#.# ###.##.# #.#
##..##.##.# #......# #.#
..###.###.# #.########## #.#
####÷####.# #.#..#.....# #.#
.......##.# #.#..'....≈# #.#
≈≈≈≈≈≈≈≈#.# #.#..'.P...#######.#
≈≈≈≈≈≈≈≈#.# #.#..'....≈).......#
.(.....##.####.#..#.....#########
#########......#@##P≈P.≈#
(8###.8##.######KD#≈≈≈≈P#
÷.(....#### #.)+.P≈PP# ######.##
########## #...##..# ...####.#
...÷÷...# #########


You could see a five-headed hydra and a big kobold (extremely poisoned).

Vanquished Creatures
  Erica (D:8)
  Grinder (D:3)
  2 dream sheep (D:8)
  A hippogriff (D:8)
  3 yaks (D:8)
  3 wyverns (D:8)
  3 orc warriors
  2 porcupines
  4 phantoms
  2 sky beasts (D:5)
  2 ogres
  3 centaurs
  2 big kobolds (D:8)
  6 bullfrogs
  A wyvern zombie (D:8)
  3 scorpions
  A howler monkey (D:6)
  An electric eel (D:8)
  2 crimson imps
  A bullfrog zombie (D:5)
  4 hounds
  A jelly (D:6)
  3 orc priests
  A centaur skeleton (D:4)
  Jessica (D:2)
  2 iguanas (D:8)
  6 orc wizards
  5 worker ants
  A killer bee zombie (D:8)
  2 hound skeletons
  A howler monkey zombie (D:8)
  A worker ant zombie (D:6)
  Robin (D:3)
  7 gnolls
  10 adders
  2 shadow imps
  2 oozes (D:3)
  An adder zombie (D:8)
  4 worms
  2 dart slugs
  4 leopard geckos
  24 orcs
  7 giant cockroaches
  13 goblins
  8 hobgoblins
  9 jackals
  6 quokkas
  7 bats
  11 frilled lizards
  A giant cockroach zombie (D:5)
  A jackal skeleton (D:4)
  A jackal zombie (D:6)
  7 kobolds
  A leopard gecko zombie (D:8)
  A quokka skeleton (D:5)
  7 rats
  4 fungi (D:8)
  2 plants (D:8)
215 creatures vanquished.

Vanquished Creatures (others)
  A fungus (D:8)
  A plant (D:8)
2 creatures vanquished.

Grand Total: 217 creatures vanquished

Notes
Turn   | Place    | Note
-------+----------+-------------------------------------------
     0 | Abyss:1  | ItisI the Minotaur Abyssal Knight began the quest for the
                  | Orb.
     0 | Abyss:1  | Reached XP level 1. HP: 19/19 MP: 1/1
    64 | Abyss:1  | Noticed a tentacled monstrosity
    80 | Abyss:1  | Noticed a starcursed mass
    97 | D:1      | Escaped the Abyss
   227 | D:1      | Reached XP level 2. HP: 26/27 MP: 2/2
   496 | D:1      | Reached * piety under Lugonu
   857 | D:1      | Reached XP level 3. HP: 31/34 MP: 3/3
  1004 | D:2      | Noticed Jessica
  1014 | D:2      | Killed Jessica
  1014 | D:2      | Reached skill level 3 in Axes
  1014 | D:2      | Reached skill level 1 in Unarmed Combat
  1275 | D:2      | Reached XP level 4. HP: 15/41 MP: 4/4
  1891 | D:2      | Reached skill level 1 in Throwing
  2017 | D:2      | Reached ** piety under Lugonu
  2541 | D:3      | Noticed a phantom
  2729 | D:3      | Reached XP level 5. HP: 47/47 MP: 5/5
  2840 | D:3      | Killed a phantom
  2840 | D:3      | Reached skill level 4 in Axes
  3206 | D:3      | Found a radiant altar of Vehumet.
  3224 | D:3      | Found an ancient bone altar of Kikubaaqudgha.
  3225 | D:3      | Found a shimmering blue altar of Sif Muna.
  3228 | D:3      | Identified Sif Muna's Collected Works on Creation
  3468 | D:3      | Reached XP level 6. HP: 33/55 MP: 6/6
  3662 | D:3      | Noticed Grinder
  3673 | D:3      | Paralysed by Grinder for 4 turns
  3682 | D:3      | Killed Grinder
  3682 | D:3      | Reached skill level 5 in Fighting
  3682 | D:3      | Reached skill level 1 in Shields
  3764 | D:3      | Noticed Robin
  3782 | D:3      | Killed Robin
  3784 | D:3      | Reached skill level 5 in Axes
  4127 | D:3      | Reached XP level 7. HP: 60/61 MP: 7/7
  4191 | D:3      | Reached *** piety under Lugonu
  4272 | D:3      | Found a sparkling altar of Nemelex Xobeh.
  4499 | D:4      | Found Leuge's General Store.
  4502 | D:4      | Bought a scroll of identify for 22 gold pieces
  4502 | D:4      | Bought a +0 cloak of preservation for 126 gold pieces
  4502 | D:4      | Bought a scroll of remove curse for 33 gold pieces
  4807 | D:4      | Reached skill level 6 in Axes
  5052 | D:4      | Found Pin Vikk's Gadget Shoppe.
  5289 | D:5      | Entered Level 5 of the Dungeon
  5304 | D:5      | Reached XP level 8. HP: 60/70 MP: 8/8
  5315 | D:5      | Reached **** piety under Lugonu
  5656 | D:5      | Reached skill level 7 in Axes
  5665 | D:5      | Found a staircase to the Ecumenical Temple.
  6231 | D:6      | Reached skill level 8 in Axes
  6337 | D:6      | Reached skill level 5 in Armour
  6668 | D:6      | Found a stormy altar of Qazlal.
  6670 | D:6      | Found an ornate altar of the Wu Jian Council.
  6670 | D:6      | Found a shattered altar of Ashenzari.
  6673 | D:6      | Found a hide-covered altar of Uskayaw.
  6673 | D:6      | Found a snail-covered altar of Cheibriados.
  6673 | D:6      | Found a shimmering altar of Xom.
  6814 | D:6      | Reached XP level 9. HP: 75/78 MP: 9/9
  7384 | D:7      | Found a hazy altar of Hepliaklqana.
  7452 | D:7      | Found an opulent altar of Gozag.
  7837 | D:7      | Reached skill level 9 in Axes
  8426 | D:8      | Reached skill level 5 in Unarmed Combat
  8451 | D:8      | HP: 1/79 [porcupine (8)]
  8901 | D:8      | Found a staircase to the Lair.
  9015 | D:8      | Reached ***** piety under Lugonu
  9324 | D:8      | Reached skill level 5 in Shields
  9569 | D:8      | Reached XP level 10. HP: 87/88 MP: 10/10
  9687 | D:8      | Noticed Erica
  9700 | D:8      | Killed Erica
  9700 | D:8      | Reached skill level 10 in Axes
 10071 | D:8      | Found an opulent altar of Gozag.
 10532 | D:8      | Noticed a three-headed hydra
 10537 | D:8      | Slain by a five-headed hydra

Illustrated notes

Levels and vault maps discovered:
D:1:      eino_arrival_cavern_b, layout_loops_ring
D:2:      layout_loops_ring, first_ration, uniq_jessica
D:3:      layout_loops_ring, grunt_temple_overflow_magic_moments,
          nemelex_dance_club_becter, uniq_robin, uniq_grinder
D:4:      layout_cave_pools, serial_shops, kennysheep_mini, kennysheep_mini_moat
D:5:      layout_basic, temple_fountains
D:6:      layout_loops_ring, doesnt_xom_only_xom
D:7:      layout_layer_cave, lemuel_round_altar, lemuel_coloured_pillars_altar
D:8:      wad_river_or_something, layout_loops_ring,
          grunt_lair_entry_orc_guard_hut, hangedman_ranch
          [blue_anna_fruit_fields], nicolae_gozag_seed_capital, uniq_erica

Skill      XL: |  1  2  3  4  5  6  7  8  9 10 |
---------------+-------------------------------+-----
Fighting       | 4 5 6 7 8 |  8.2
Axes           | 3 4 5 6 8 9 10 | 10.8
Unarmed Combat | 1 2 3 4 6 |  6.0
Invocations    | 2 |  2.0
Armour         | 3 4 5 6 |  6.7
Dodging        | 2 3 4 |  4.4
Throwing       | 1 2 3 4 |  4.7
Shields        | 1 2 4 5 6 |  6.0

Action                   |  1- 3 |  4- 6 |  7- 9 | 10-12 || total
-------------------------+-------+-------+-------+-------++-------
Melee: Hand axe          |    58 |   235 |   344 |    90 ||   727
       Headbutt          |     7 |    25 |    60 |    15 ||   107
       Punch             |     1 |       |       |       ||     1
Throw: Stone             |    17 |    87 |    63 |       ||   167
       Dart              |       |       |    66 |     7 ||    73
Invok: Depart the Abyss  |     1 |       |       |       ||     1
  Use: Scroll            |     4 |     4 |    10 |     1 ||    19
       Potion            |       |     2 |     4 |       ||     6
  Eat: Chunk             |     1 |     9 |    14 |     4 ||    28
       Ration            |       |       |     1 |       ||     1
Armor: Leather armour    |    12 |     3 |       |       ||    15
       Ring mail         |       |    70 |    79 |    24 ||   173
       Skin              |       |       |     3 |       ||     3
Dodge: Dodged            |    30 |   105 |    87 |    15 ||   237
Block: Buckler           |       |     3 |     3 |       ||     6
       Kite shield       |       |       |   114 |    26 ||   140
